 Dungeon Crawl Stone Soup version 0.31-a0-182-gc5ef74bbde (webtiles) character file.

Game seed: 16668643070179566552

277 qw the Chopper (level 6, -9/39 HPs)
             Began as a Gargoyle Fighter on June 20, 2023.
             Mangled by an ogre
             ... wielding a +0 giant club
              (19 damage)
             ... on level 3 of the Dungeon.
             The game lasted 00:00:57 (2182 turns).

qw the Chopper (Gargoyle Fighter)                   Turns: 2182, Time: 00:00:58

Health: -9/39      AC: 15    Str: 21    XL:     6   Next: 26%
Magic:  6/6        EV:  5    Int:  9    God:
Gold:   98         SH:  4    Dex:  9    Spells: 5/5 levels left

rFire   . . .        Y - +1 war axe
rCold   + . .        c - +0 buckler
rNeg    + . .        l - +0 plate armour
rPois   inf          (no helmet)
rElec   +            (no cloak)
rCorr   .            (no gloves)
SInv    .            (no boots)
Will    .....        (no amulet) Stlth
                     j - ring of protection from cold
HPRegen 0.26/turn    (no ring)
MPRegen 0.10/turn

%: no passive effects
@: no status effects
A: sickness immunity, AC +4, negative energy resistance 1, electricity
resistance, torment resistance 1, petrification resistance
a: no special abilities


You were on level 3 of the Dungeon.
You visited 1 branch of the dungeon, and saw 4 of its levels.

You collected 98 gold pieces.


Innate Abilities, Weirdness & Mutations

You are immune to sickness and miasma.
Your stone body is resilient. (AC +4)
You are immune to poison.
You resist negative energy. (rN+)
You are resistant to electric shocks. (rElec)
You are resistant to unholy torment.
You are immune to petrification.


   Skills:
 - Level 4.4 Fighting
 + Level 5.2 Axes
 - Level 3.2 Armour
 - Level 3.2 Shields


You had 5 spell levels left.
You didn't know any spells.
Your spell library was empty.

Inventory:

Hand Weapons
 e - a +0 mace
 Y - a +1 war axe (weapon)
Missiles
 f - 3 boomerangs (quivered)
Armour
 c - a +0 buckler (worn)
 l - a +0 plate armour (worn)
Jewellery
 j - a ring of protection from cold (left hand)
Scrolls
 i - 2 scrolls of identify
Potions
 a - 2 potions of haste
 d - a potion of might
 h - a potion of attraction
 k - a potion of curing

Dungeon Overview and Level Annotations

Branches:
Dungeon (4/15)
 Temple: D:4-7

Altars:
Sif Muna


Message History

Done exploring.
2143 ||| DROPPING potion of degeneration.
You drop a potion of degeneration.
Done exploring.
(D) Dungeon
Where to? (* - list waypoints, Enter - D:3, ? - help)
What level of the Dungeon? (default 1, ? - help)
There is a shaft here.
There is a stone staircase leading down here.
You climb downwards.
You hear the sound of rushing water.
There is an entrance to a sewer on this level.
Hurry and find it before the portal rusts away!
The ogre shouts!
Found four items.
There is a stone staircase leading up here.
An ogre is nearby!
Waypoint 3 assigned to D:4.
2174 ||| PLANNING SEWER You throw a boomerang.
The boomerang barely misses the ogre.
You throw a boomerang. The boomerang hits the ogre.
The ogre is lightly wounded.
You throw a boomerang. The boomerang hits the ogre.
The ogre is moderately wounded.
You throw a boomerang. The boomerang hits the ogre.
The ogre is heavily wounded.
You throw a boomerang. The boomerang hits the ogre.
The ogre is severely wounded.
A dart slug comes into view.
You closely miss the ogre.
The ogre is severely wounded.
The ogre hits you with a +0 giant club!!
Ouch! That really hurt!
2180 ||| STAIRDANCE The ogre hits you with a +0 giant club.
You climb upwards.
There is a stone staircase leading down here.
You barely miss the ogre.
The ogre is severely wounded.
The ogre hits you with a +0 giant club!!
You die...

#############
#...........###
#####.#######.....#
......# ###.###.######
#####.#####...# #......#
#####....##.#.###.####^#
.......#.##.#..O..####.#
...........#....@...##.#
.#........#.##...##.##.#
..#.................##.#
.##.......#####.##..##.#
..#.......#####.##..##.#
................##..##.#
##........########..##.#
##........# #.......##.#
##%###....###.##....##.#


You could see an ogre.

Vanquished Creatures
  A phantom (D:3)
  An orc priest (D:3)
  Natasha (thrice) (D:2)
  4 adders (D:2)
  A worm (D:2)
  3 dart slugs
  3 orcs (D:3)
  6 bats
  9 endoplasms
  A giant cockroach (D:3)
  A goblin (D:1)
  8 hobgoblins
  2 quokkas (D:3)
  3 ball pythons
  3 frilled lizards
  4 kobolds
  2 rats (D:1)
55 creatures vanquished.

Notes
Turn   | Place    | Note
-------+----------+-------------------------------------------
     0 | D:1      | qw the Gargoyle Fighter began the quest for the Orb.
     0 | D:1      | Reached XP level 1. HP: 14/14 MP: 1/1
     0 | D:1      | 0 ||| qw: Version: 0.3-a-9-g12657ce
     0 | D:1      | 0 ||| qw: Game counter: 1324
     0 | D:1      | 0 ||| qw: Always use a shield: true
     0 | D:1      | 0 ||| qw: God list: Okawaru
     0 | D:1      | 0 ||| qw: Allow faded altars: false
     0 | D:1      | 0 ||| qw: Do Orc after D:15 true
     0 | D:1      | 0 ||| qw: Do second Lair branch before Depths: true
     0 | D:1      | 0 ||| qw: Lair rune preference: random
     0 | D:1      | 0 ||| qw: Plans: Normal, Zot:1-4, Slime:5, God:TSO, Crypt,
                  | Tomb, Abyss, Pan, Hells, Win
     0 | D:1      | 0 ||| PLANNING D:1-11
    63 | D:1      | Reached skill level 2 in Axes
   150 | D:1      | 150 ||| Stepping ~*~*~tactically~*~*~ (hiding).
   154 | D:1      | 154 ||| Stepping ~*~*~tactically~*~*~ (hiding).
   225 | D:1      | Reached XP level 2. HP: 19/19 MP: 2/2
   473 | D:1      | 473 ||| Stepping ~*~*~tactically~*~*~ (stealth).
   677 | D:1      | Reached skill level 3 in Axes
   844 | D:1      | 844 ||| UPGRADING to +0 plate armour.
   854 | D:1      | 854 ||| DROPPING +0 scale mail.
   855 | D:1      | 855 ||| UPGRADING to ring of protection from cold.
   856 | D:1      | 856 ||| READING scroll labelled XAWELU CYOS.
   857 | D:1      | 857 ||| READING 5 scrolls labelled DITHIV HOIHI.
   858 | D:1      | 858 ||| READING scroll labelled MELIENGU CAAF.
   859 | D:1      | 859 ||| READING 4 scrolls of identify.
   859 | D:1      | 859 ||| IDENTIFYING grey potion
   901 | D:2      | Reached XP level 3. HP: 23/23 MP: 3/3
  1017 | D:2      | Noticed Natasha
  1018 | D:2      | 1018 ||| Stepping ~*~*~tactically~*~*~ (hiding).
  1032 | D:2      | Killed Natasha
  1033 | D:2      | Reached XP level 4. HP: 15/28 MP: 4/4
  1092 | D:2      | Reached skill level 4 in Axes
  1111 | D:2      | Noticed Natasha
  1116 | D:2      | Killed Natasha
  1119 | D:2      | Noticed Natasha
  1127 | D:2      | Killed Natasha
  1128 | D:2      | Reached XP level 5. HP: 25/32 MP: 5/5
  1190 | D:2      | 1190 ||| Stepping ~*~*~tactically~*~*~ (hiding).
  1191 | D:2      | 1191 ||| Stepping ~*~*~tactically~*~*~ (hiding).
  1380 | D:2      | Found a faded altar of an unknown god.
  1531 | D:2      | 1531 ||| READING scroll labelled AQEARIT ELUODGH.
  1532 | D:2      | 1532 ||| READING 4 scrolls of identify.
  1532 | D:2      | 1532 ||| IDENTIFYING fuming puce potion
  1587 | D:3      | Found a shimmering blue altar of Sif Muna.
  1848 | D:3      | 1848 ||| Stepping ~*~*~tactically~*~*~ (stealth).
  1851 | D:3      | Noticed a phantom
  1856 | D:3      | Reached skill level 5 in Axes
  1858 | D:3      | Killed a phantom
  1859 | D:3      | Reached XP level 6. HP: 39/39 MP: 6/6
  1882 | D:3      | 1882 ||| Stepping ~*~*~tactically~*~*~ (stealth).
  1883 | D:3      | 1883 ||| Stepping ~*~*~tactically~*~*~ (stealth).
  2139 | D:3      | 2139 ||| DROPPING scarf of shadows.
  2140 | D:3      | 2140 ||| READING scroll labelled GOYGRO HEHYA.
  2141 | D:3      | 2141 ||| READING scroll labelled HAOMUVV GIHINE.
  2142 | D:3      | 2142 ||| READING 3 scrolls of identify.
  2142 | D:3      | 2142 ||| IDENTIFYING murky orange potion
  2143 | D:3      | 2143 ||| DROPPING potion of degeneration.
  2174 | D:4      | 2174 ||| PLANNING SEWER
  2180 | D:4      | 2180 ||| STAIRDANCE
  2182 | D:3      | Mangled by an ogre

Levels and vault maps discovered:
D:1:      kennysheep_arrival_seaside, layout_loops_ring, serial_forest,
          infiniplex_forest_end_double, infiniplex_forest_pool,
          infiniplex_forest_straight_2, infiniplex_forest_corner_1,
          infiniplex_forest_lined_2, infiniplex_forest_end_1,
          infiniplex_forest_end_2
D:2:      layout_basic, dreamdust_ecumenical_altar_statues, uniq_natasha
D:3:      layout_loops_ring, nicolae_sif_muna_little_library
D:4:      layout_rooms, vehumet_crystals, nicolae_tso_swordbearing_angel,
          nicolae_ru_the_path_less_chosen, minmay_temple_entry_fiery,
          lightli_sewer_entry_pipes

Skill      XL: |  1  2  3  4  5 |
---------------+----------------+-----
Axes           | 2 3 4 5 |  5.2
Fighting       | 4 |  4.4
Armour         | |  3.2
Shields        | |  3.2

Action                     |  1- 3 |  4- 6 || total
---------------------------+-------+-------++-------
  Melee: War axe           |    67 |    54 ||   121
  Throw: Boomerang         |    53 |    44 ||    97
    Use: Scroll            |     4 |     5 ||     9
 Armour: Scale mail        |    29 |       ||    29
         Plate armour      |    20 |    37 ||    57
  Dodge: Dodged            |    42 |     9 ||    51
  Block: Buckler           |    17 |     4 ||    21

Table legend:
 A = Non-vault XP
 B = Vault XP
 C = Vault XP percentage of total XP
 D = Non-vault monster count
 E = Vault monster count
 F = Vault count percentage of total count
                 A         B        C        D         E       F
            +---------+---------+-------+---------+---------+-------
      Total |     362 |      35 |   8.8 |      54 |       1 |   1.8
            +---------+---------+-------+---------+---------+-------
        D:1 |      31 |       0 |   0.0 |      19 |       0 |   0.0
        D:2 |     148 |      35 |  19.1 |      17 |       1 |   5.6
        D:3 |     183 |       0 |   0.0 |      18 |       0 |   0.0
            +---------+---------+-------+---------+---------+-------
